 Dungeon Crawl Stone Soup version 0.26.1-11-gd32895ea62 (webtiles) character file.

Game seed: 2216903744229919399

54 thatshaggymatt the Cudgeller (level 3, 0/34 HPs)
             Began as a Minotaur Berserker on May 15, 2021.
             Was a Follower of Trog.
             Succumbed to a gnoll's poison
             ... on level 2 of the Dungeon.
             The game lasted 00:02:27 (1438 turns).

thatshaggymatt the Cudgeller (Minotaur Berserker)   Turns: 1438, Time: 00:02:27

Health: 0/34       AC:  4    Str: 22    XL:     3   Next: 66%
Magic:  2/2        EV: 11    Int:  4    God:    Trog [*.....]
Gold:   72         SH:  2    Dex:  9    Spells: 2/2 levels left

rFire    . . .     SeeInvis .   f - +2 whip (flame)
rCold    . . .     Faith    .   j - +0 buckler
rNeg     . . .     Spirit   .   b - +0 animal skin
rPois    .         Reflect  .   (helmet restricted)
rElec    .         Harm     .   (no cloak)
rCorr    .         Rampage  .   (no gloves)
Will     .....                  d - +1 pair of boots
Stlth    +.........             (no amulet)
HPRegen  0.11/turn              (no ring)
MPRegen  0.08/turn              (no ring)

@: lethally poisoned (0 -> -37), attractive
A: retaliatory headbutt, horns 2
a: Renounce Religion, Berserk


You were on level 2 of the Dungeon.
You worshipped Trog.
Trog was aware of your devotion.
You visited 1 branch of the dungeon, and saw 2 of its levels.

You collected 72 gold pieces.

Inventory:

Hand Weapons
 a - a +0 mace
 f - a +2 whip of flaming (weapon)
Armour
 b - a +0 animal skin (worn)
 d - a +1 pair of boots (worn)
 j - a +0 buckler (worn)
Jewellery
 e - a +4 ring of evasion {unknown}
 l - an uncursed ring of positive energy {unknown}
Potions
 c - a potion of haste {unknown}
 g - a potion of heal wounds {unknown}
 h - a potion of attraction
 i - a potion of curing {unknown}
 k - a potion of flight {unknown}


   Skills:
 + Level 4.5 Fighting
 + Level 4.5 Maces & Flails
 + Level 2.6 Armour
 + Level 2.6 Dodging
 + Level 0.1 Stealth


You had 2 spell levels left.
You didn't know any spells.
Your spell library was empty.

Dungeon Overview and Level Annotations

Branches:
Dungeon (2/15)

Altars:


Innate Abilities, Weirdness & Mutations

You reflexively headbutt those who attack you in melee.
You have a pair of horns on your head.


Message History

You are poisoned.
You whack the gnoll! You burn the gnoll.
The gnoll is almost dead.
You feel sick.
The gnoll hits you from afar with a +1 spear of venom.
You are lethally poisoned!
You closely miss the gnoll.
The gnoll is almost dead.
You feel sick. The gnoll closely misses you. x2
You barely miss the gnoll.
The gnoll is almost dead.
You feel very sick. The gnoll hits you with a +0 whip!
* * * LOW HITPOINT WARNING * * *
The gnoll hits you from afar with a +1 spear of venom.
* * * LOW HITPOINT WARNING * * *
You are more poisoned.
It was a potion of attraction.
You feel attractive to monsters.
You die...

........# #########
### #.. #########
#.# #.......# #.# #
#.#..##.# #.# #
#..#.##.###g##.#.#
#
#.###.#....@.gg..#
#
##..#.##.##########
# #........#
#####.##.##.##
..........>.#
.........##..
.......#....##
#####..#....# #
#.......#


You could see 3 gnolls.

Vanquished Creatures
  A gnoll (D:1)
  2 adders (D:2)
  A worm (D:2)
  2 giant cockroaches (D:1)
  5 hobgoblins (D:1)
  3 jackals (D:1)
  A quokka (D:2)
  2 bats (D:1)
  2 frilled lizards (D:1)
  2 goblins (D:1)
  A kobold (D:1)
  3 rats (D:1)
25 creatures vanquished.

Notes
Turn   | Place    | Note
-------+----------+-------------------------------------------
     0 | D:1      | thatshaggymatt the Minotaur Berserker began the quest for
                  | the Orb.
     0 | D:1      | Reached XP level 1. HP: 19/19 MP: 0/0
     2 | D:1      | Noticed a vampire
     2 | D:1      | Noticed a vine stalker
     4 | D:1      | Noticed a centaur
     4 | D:1      | Noticed a halfling
     6 | D:1      | Noticed a spriggan
     6 | D:1      | Noticed a human
     8 | D:1      | Noticed an elf
    10 | D:1      | Noticed a demigod
    10 | D:1      | Noticed a naga
    12 | D:1      | Noticed a draconian
    14 | D:1      | Noticed a troll
    14 | D:1      | Noticed an ogre
    16 | D:1      | Noticed a minotaur
    16 | D:1      | Noticed a formicid
    18 | D:1      | Noticed a felid
    20 | D:1      | Noticed a gargoyle
    20 | D:1      | Noticed a dwarf
    22 | D:1      | Noticed an octopode
    24 | D:1      | Noticed a merfolk
    24 | D:1      | Noticed a tengu
    26 | D:1      | Noticed a demonspawn
    26 | D:1      | Noticed a ghoul
   165 | D:1      | Reached XP level 2. HP: 13/27 MP: 1/1
   996 | D:1      | Reached XP level 3. HP: 33/33 MP: 2/2
  1438 | D:2      | Succumbed to a gnoll's poison

Illustrated notes

Levels and vault maps discovered:
D:1:      kb_arrival_jail, layout_basic
D:2:      layout_loops_cross, yredelemnul_altar_generic,
          chequers_ecumenical_altar_simple

Skill      XL: |  1 |
---------------+----+-----
Maces & Flails | 4 |  4.5
Fighting       | 4 |  4.5
Armour         | |  2.6
Dodging        | |  2.6
Stealth        | |  0.1

Action                   || total
-------------------------++-------
Melee: Mace              ||    33
       Headbutt          ||     7
       Whip              ||    25
Invok: Berserk           ||     1
  Use: Scroll            ||     1
       Potion            ||     1
 Stab: Sleeping          ||     1
Armor: Animal skin       ||    12
Dodge: Dodged            ||    42
Block: Buckler           ||     1
